 Dungeon Crawl Stone Soup version 0.31-a0-204-g7da18cac08 (webtiles) character file.

Game seed: 16382433028572743642

1073 kae the Changer (level 8, -1/70 HPs)
             Began as a Purple Draconian Transmuter on June 27, 2023.
             Slain by Duvessa
             ... wielding a +0 short sword
              (2 damage)
             ... on level 5 of the Dungeon.
             The game lasted 00:05:00 (4038 turns).

kae the Changer (Purple Draconian Transmuter)       Turns: 4038, Time: 00:05:01

Health: -1/70      AC:  7    Str: 12    XL:     8   Next: 7%
Magic:  11/13      EV: 10    Int: 15    God:
Gold:   487        SH:  0    Dex: 13    Spells: 4/14 levels left

rFire   x .          .
                       - Unarmed
rCold   + + +        (shield currently unavailable)
rNeg    . . .        (body armour unavailable)
rPois   +            (helmet currently unavailable)
rElec   .            (cloak currently unavailable)
rCorr   .            (gloves currently unavailable)
SInv    .            (boots currently unavailable)
Will    +....        (no amulet)
Stlth   +            Y - +4 ring of slaying
HPRegen 0.31/turn    y - +4 ring of slaying
MPRegen 0.13/turn

%: no passive effects
@: ice-form (expiring)
A: freezing attack, amphibious, boosted hp, (breathe power), AC +6, large,
unfitting armour, (cold-blooded)
a: End Transformation


You were on level 5 of the Dungeon.
You were a creature of crystalline ice.
You visited 1 branch of the dungeon, and saw 5 of its levels.
You also visited: Ossuary.

You collected 487 gold pieces.


Innate Abilities, Weirdness & Mutations

You are a creature of crystalline ice.
You have a powerful freezing melee attack.
You are amphibious.
Your maximum health is increased.
Your armour is entirely melded.
You are incapable of wielding weapons or throwing items.
((You can breathe bolts of dispelling energy.))
((Your rich purple scales are hard. (AC +6)))
You cannot fit into any form of body armour.
((You are cold-blooded and may be slowed by cold attacks.))


   Skills:
 - Level 1.1 Fighting
 - Level 1.7 Dodging
 - Level 3.0 Unarmed Combat
 - Level 3.6 Spellcasting
 * Level 7.0 Transmutations
 * Level 5.4 Ice Magic
 - Level 2.0 Poison Magic


You had 4 spell levels left.
You knew the following spells:

 Your Spells              Type           Power      Damage    Failure   Level
a - Beastly Appendage     Tmut           46%        N/A       1%          1
b - Wereblood             Tmut           23%        N/A       1%          2
c - Spider Form           Tmut/Pois      16%        N/A       9%          3
d - Ice Form              Ice/Tmut       21%        N/A       14%         4

Your spell library contained the following spells:

 Spells                   Type           Power      Damage    Failure   Level
 Foxfire                  Conj/Fire      8%         2x1d4     19%         1
 Kiss of Death            Conj/Necr      8%         2d6       19%         1
 Shock                    Conj/Air       8%         1d3       19%         1
 Tukima's Dance           Hex            2%         N/A       50%         3
 Passage of Golubria      Tloc           2%         N/A       88%         4
 Yara's Violent Unravell  Hex/Tmut       6%         3d5       77%         5

Inventory:

Missiles
 b - 40 stones
Jewellery
 y - a +4 ring of slaying (right front paw)
   (You found it on level 3 of the Dungeon)
 Y - a +4 ring of slaying (left front paw)
   (You found it on level 2 of the Dungeon)
 Z - a ring of wizardry
   (You found it on level 3 of the Dungeon)
Wands
 j - a wand of digging (2)
   (You took it off Dowan on level 5 of the Dungeon)
Scrolls
 f - a scroll of enchant armour
 k - a scroll of identify {@r1}
 l - 2 scrolls of teleportation {@r4}
 m - a scroll of poison {!r}
Potions
 a - 2 potions of lignification {!q}
 c - 2 potions of attraction {!q}
 d - a potion of might
 e - a potion of enlightenment
 g - 2 potions of heal wounds {@q2}
 h - 2 potions of curing {@q1}

Dungeon Overview and Level Annotations

Branches:
Dungeon (5/15) Zot: 26120 Ossuary (visited)
 Temple: D:4-7

Altars:
Gozag

Shops:
D:4 =

Annotations:
D:5 Duvessa

.........#
#...........#
######e...
#####'##....# ##
.........#....+ +.
.........#....# .#.
#########.###....# .##
#..########......#..##
#.........#......#....
#..?......#......'....
#....Ye.).#...........
####+####.#......#.+##
.......#+##..........
.......#..#..........
......#..#..........
......#'##..........
#+ #....#######....
+..#....#....[#[...
#..'...e+.....'.รท..


You could see Duvessa (berserk).


Message History

You hear an angry hiss.
You hear a shout! x6
There is an open door here.
An ogre comes into view. It is wielding a +0 giant club.
Unknown command.
Casting: Wereblood (safe; 1% risk of failure)
Confirm with . or Enter, or press ? or * to list all spells.
The spell is quite dangerous to miscast (16% risk of failure)!
Continue anyway? [Y]es or [N]o only, please.
The spell is quite dangerous to miscast (16% risk of failure)!
Continue anyway?
You turn into a creature of crystalline ice. ๐Ÿ˜Ž HP[+10] MP[-4]
You now have 62 max hp (+10).
Your hp is fully restored (62).
You lost 4 mp, and now have 8/12 mp.
Casting: Ice Form (dangerous; 16% risk of failure)
Confirm with . or Enter, or press ? or * to list all spells.
Your blood is infused with primal strength. ๐Ÿ˜Ž MP[-2]
You lost 2 mp, and now have 6/12 mp.
You punch the ogre! You freeze the ogre.
The ogre hits you with a +0 giant club!!
You are too injured to fight recklessly! ๐Ÿ˜ฎ HP[-20]
You take 20 damage, and now have 42/62 hp.
MASSIVE DAMAGE!! (PAUSE)
You hit the ogre but do no damage.
Unknown command.
You hit the ogre. You freeze the ogre.
The ogre closely misses you. ๐Ÿ˜ฎ HP[+1] Unknown command.
You punch the ogre! You freeze the ogre.
You feel a bit better.
You kill the ogre!
You howl as the wereblood boils in your veins!
Your Transmutations skill increases to level 7!
You have reached level 8!
You feel agile. ๐Ÿ˜ฎ HP[+7] MP[+1]
You now have 70 max hp (+8).
You regained 7 hp, and now have 50/70 hp.
You howl as the wereblood boils in your veins!
Key pressed, stopping explore.
Unknown command. ๐Ÿ˜• HP[+3] MP[+1]
You regained 3 hp, and now have 53/70 hp.
You howl as the wereblood boils in your veins!
An adder comes into view.
Unknown command.
An adder is nearby!
Unknown command.
There is an open door here. ๐Ÿ˜• HP[+1]
The adder closely misses you.
You punch the adder! You freeze the adder.
You feel a bit better.
You kill the adder!
You howl as the wereblood boils in your veins! ๐Ÿ˜• HP[+3] MP[+1]
You regained 3 hp, and now have 57/70 hp.
You howl as the wereblood boils in your veins! ๐Ÿ˜• HP[+1]
There is an open door here.
You close the door.
The sentinel's mark upon you fades away.
Your primal bloodlust is almost over. ๐Ÿ˜• HP[+1] Unknown command.
You see here a +0 giant club.
You howl as the wereblood boils in your veins! ๐Ÿ˜• HP[+1] MP[+1]
Your primal bloodlust has ended. ๐Ÿ˜• HP[+1]
You see here a scroll of teleportation {@r4}.
Duvessa goes berserk!
Okay, then.
You hit Duvessa. You freeze Duvessa. Duvessa hits you with a +0 short sword.
Duvessa hits you with a +0 short sword! ๐Ÿ˜ฎ HP[-18]
You take 18 damage, and now have 43/70 hp.
MASSIVE DAMAGE!! (PAUSE)
You punch Duvessa! You freeze Duvessa.
Your transformation is almost over.
Duvessa hits you with a +0 short sword. ๐Ÿ˜ฎ HP[-3] MP[+1]
You take 3 damage, and now have 40/70 hp.
You barely miss Duvessa. Duvessa hits you with a +0 short sword!
* * * LOW HITPOINT WARNING * * *
Duvessa closely misses you. ๐Ÿ˜จ HP[-13]
You take 13 damage, and now have 27/70 hp.
Unknown command.
You hit Duvessa but do no damage. Duvessa hits you with a +0 short sword!
* * * LOW HITPOINT WARNING * * *
๐Ÿ˜ฑ HP[-14]
You take 14 damage, and now have 13/70 hp.
You punch Duvessa! You freeze Duvessa. Duvessa hits you with a +0 short sword!
* * * LOW HITPOINT WARNING * * *
Unknown command. ๐Ÿ˜ฑ HP[-12]
You take 12 damage, and now have 1/70 hp.
You barely miss Duvessa. Duvessa barely misses you.
Duvessa hits you with a +0 short sword.
You die...

Skill      XL: |  1  2  3  4  5  6  7 |
---------------+----------------------+-----
Transmutations | 3 4 5 7 |  7.0
Poison Magic   | 1 2 |  2.0
Spellcasting   | 3 |  3.6
Ice Magic      | 2 3 5 |  5.4
Fighting       | |  1.1
Dodging        | |  1.7
Unarmed Combat | |  3.0

Action                     |  1- 3 |  4- 6 |  7- 9 || total
---------------------------+-------+-------+-------++-------
  Melee: Unarmed           |    89 |    91 |    60 ||   240
         Kick              |    18 |     5 |       ||    23
         Tailslap          |    11 |     1 |     1 ||    13
         Headbutt          |     9 |     5 |       ||    14
         Punch             |     2 |       |       ||     2
   Cast: Beastly Appendage |    21 |    12 |       ||    33
         Spider Form       |     2 |    10 |       ||    12
         Wereblood         |     1 |     3 |     3 ||     7
         Ice Form          |       |       |     4 ||     4
    Use: Scroll            |     7 |     7 |     2 ||    16
   Stab: Distracted        |       |     1 |       ||     1
 Armour: Skin              |    34 |    19 |    20 ||    73
  Dodge: Dodged            |    65 |    62 |    27 ||   154

Levels and vault maps discovered:
D:1:      sevenhm_arrival_forest_fort_small_5, layout_basic
D:2:      layout_loops_ring, nicolae_ecumenical_pavilion, minivault_25,
          nicolae_concentric_dashed_squares_wild
D:3:      layout_basic, lemuel_coloured_pillars_altar,
          nicolae_figureground_sparkle
D:4:      layout_basic, serial_shops, shop, minmay_tree_intersection
D:5:      layout_gridville, enter_ossuary_1, uniq_blork_the_orc, uniq_pikel,
          uniq_duvessa

Notes
Turn   | Place    | Note
-------+----------+-------------------------------------------
     0 | D:1      | kae the Draconian Transmuter began the quest for the Orb.
     0 | D:1      | Reached XP level 1. HP: 16/16 MP: 3/3
     0 | D:1      | magus.rc [v1.11.3]
   202 | D:1      | Reached XP level 2. HP: 21/23 MP: 3/5
   259 | D:1      | You add the spells Tukima's Dance, Passage of Golubria and
                  | Yara's Violent Unravelling to your library.
   753 | D:2      | Identified the +7 dagger of Eternity {elec, *Corrode rElec
                  | Int+4 SInv}
   787 | D:2      | Reached skill level 3 in Transmutations
   803 | D:2      | Reached XP level 3. HP: 18/28 MP: 4/6
   806 | D:2      | Learned a level 2 spell: Wereblood
   810 | D:2      | Learned a level 3 spell: Spider Form
  1138 | D:2      | Found a faded altar of an unknown god.
  1674 | D:3      | Reached skill level 1 in Poison Magic
  1674 | D:3      | Reached XP level 4. HP: 20/35 MP: 1/8
  2086 | D:3      | Reached skill level 2 in Poison Magic
  2316 | D:3      | Found an opulent altar of Gozag.
  2440 | D:4      | Found Hesuffec's Jewellery Boutique.
  2528 | D:4      | Reached skill level 3 in Spellcasting
  2528 | D:4      | Reached skill level 4 in Transmutations
  2528 | D:4      | Reached XP level 5. HP: 40/40 MP: 7/9
  2533 | D:4      | Learned a level 4 spell: Ice Form
  2644 | D:4      | Noticed an ogre
  2651 | D:4      | Killed an ogre
  2652 | D:4      | Reached skill level 1 in Ice Magic
  2753 | D:4      | Noticed a wyvern
  2765 | D:4      | Killed a wyvern
  2766 | D:4      | Reached skill level 5 in Transmutations
  2766 | D:4      | Reached skill level 2 in Ice Magic
  2766 | D:4      | Reached XP level 6. HP: 24/47 MP: 6/10
  3070 | D:4      | You add the spells Foxfire, Kiss of Death and Shock to your
                  | library.
  3070 | D:4      | Got Kuutumis's Beginning Course on Hermetics
  3106 | D:4      | Reached skill level 3 in Ice Magic
  3569 | D:5      | Entered Level 5 of the Dungeon
  3602 | D:5      | Your scales start taking on a rich purple colour.
  3602 | D:5      | Reached XP level 7. HP: 46/52 MP: 8/12
  3678 | D:5      | Noticed Dowan
  3679 | D:5      | Noticed Duvessa
  3724 | D:5      | Reached skill level 6 in Transmutations
  3724 | D:5      | Reached skill level 4 in Ice Magic
  3733 | D:5      | Killed Dowan
  3781 | D:5      | Found a sand-covered staircase.
  3790 | Ossuary  | Entered an ossuary
  3826 | Ossuary  | Reached skill level 5 in Ice Magic
  4004 | D:5      | Reached skill level 7 in Transmutations
  4004 | D:5      | Reached XP level 8. HP: 50/59 MP: 7/13
  4036 | D:5      | HP: 13/70 [Duvessa/+0 short sword (15)]
  4037 | D:5      | HP: 1/70 [Duvessa/+0 short sword (12)]
  4038 | D:5      | Slain by Duvessa

Vanquished Creatures
  A wyvern (D:4)
  A black bear (D:5)
  3 ogres
  2 elf zombies (Ossuary)
  Dowan (D:5)
  A centaur zombie (Ossuary)
  2 hounds (D:5)
  An orc priest (D:3)
  2 iguanas (D:4)
  2 orc wizards (D:5)
  2 mummies (Ossuary)
  3 gnolls (D:4)
  3 adders
  2 worms
  3 dart slugs
  12 orcs
  3 endoplasms
  4 goblins
  10 hobgoblins
  6 jackals
  5 kobolds
  3 quokkas
  7 ball pythons
  5 bats
  A frilled lizard (D:1)
  3 gnoll zombies (Ossuary)
  3 goblin zombies (Ossuary)
  2 hobgoblin zombies (Ossuary)
  3 orc zombies (Ossuary)
  8 rats
104 creatures vanquished.

Table legend:
 A = Non-vault XP
 B = Vault XP
 C = Vault XP percentage of total XP
 D = Non-vault monster count
 E = Vault monster count
 F = Vault count percentage of total count
                 A         B        C        D         E       F
            +---------+---------+-------+---------+---------+-------
      Total |    1178 |     355 |  23.2 |      87 |      17 |  16.3
            +---------+---------+-------+---------+---------+-------
        D:1 |      33 |       0 |   0.0 |      19 |       0 |   0.0
        D:2 |      43 |       0 |   0.0 |      17 |       0 |   0.0
        D:3 |      99 |       0 |   0.0 |      22 |       0 |   0.0
        D:4 |     462 |       0 |   0.0 |      19 |       0 |   0.0
        D:5 |     541 |      69 |  11.3 |      10 |       1 |   9.1
    Ossuary |       0 |     286 | 100.0 |       0 |      16 | 100.0
            +---------+---------+-------+---------+---------+-------

Skill      XL: |  1  2  3  4  5  6  7 |
---------------+----------------------+-----
Transmutations | 3 4 5 7 |  7.0
Poison Magic   | 1 2 |  2.0
Spellcasting   | 3 |  3.6
Ice Magic      | 2 3 5 |  5.4
Fighting       | |  1.1
Dodging        | |  1.7
Unarmed Combat | |  3.0

Action                     |  1- 3 |  4- 6 |  7- 9 || total
---------------------------+-------+-------+-------++-------
  Melee: Unarmed           |    89 |    91 |    60 ||   240
         Kick              |    18 |     5 |       ||    23
         Tailslap          |    11 |     1 |     1 ||    13
         Headbutt          |     9 |     5 |       ||    14
         Punch             |     2 |       |       ||     2
   Cast: Beastly Appendage |    21 |    12 |       ||    33
         Spider Form       |     2 |    10 |       ||    12
         Wereblood         |     1 |     3 |     3 ||     7
         Ice Form          |       |       |     4 ||     4
    Use: Scroll            |     7 |     7 |     2 ||    16
   Stab: Distracted        |       |     1 |       ||     1
 Armour: Skin              |    34 |    19 |    20 ||    73
  Dodge: Dodged            |    65 |    62 |    27 ||   154

Illustrated notes

Table legend:
 A = Kills in this place as a percentage of kills in the entire game.
 B = Kills by you in this place as a percentage of kills by you in the entire game.
 C = Kills by friends in this place as a percentage of kills by friends in the entire game.
 D = Other kills in this place as a percentage of other kills in the entire game.
 E = Experience gained in this place as a percentage of experience gained in the entire game.
 F = Experience gained in this place divided by the number of levels of this place that you have seen.
                   A       B       C       D       E      F
               +-------+-------+-------+-------+-------+----------------------
         Total | 100.0 | 100.0 |   N/A |   N/A | 100.0 | 255.5
       Dungeon |  84.6 |  84.6 |   N/A |   N/A |  81.3 | 249.4
       Ossuary |  15.4 |  15.4 |   N/A |   N/A |  18.7 | 286.0
               +-------+-------+-------+-------+-------+----------------------

Table legend: (Time is in decaauts)
 A = Elapsed time spent in this place.
 B = Non-inter-level travel time spent in this place.
 C = Inter-level travel time spent in this place.
 D = Time resting spent in this place.
 E = Time spent auto-exploring this place.
 F = Levels seen in this place.
 G = Mean time per level.
                   A        B        C        D        E       F      G
               +--------+--------+--------+--------+--------+-----+--------+
         Total |   4028 |   3956 |     72 |     99 |   3067 |   6 |  671.3 |
       Dungeon |   3879 |   3807 |     72 |     99 |   2986 |   5 |  775.8 |
       Ossuary |    148 |    148 |      0 |      0 |     81 |   1 |  148.0 |
               +--------+--------+--------+--------+--------+-----+--------+

Top non-repeatable levels by time:
     D:4: 1160 daAuts
     D:2: 900 daAuts
     D:3: 774 daAuts
     D:1: 729 daAuts
     D:5: 315 daAuts
 Ossuary: 148 daAuts
